 Dungeon Crawl Stone Soup version 0.31.0-11-ge490571c62 (webtiles) character file.

Game seed: 5356819915156742586

62 qw the Shooter (level 3, -2/18 HPs)
             Began as a Spriggan Hunter on Feb 3, 2024.
             Slain by a gnoll
             ... wielding a +0 spear
              (7 damage)
             ... on level 2 of the Dungeon.
             The game lasted 00:00:03 (894 turns).

qw the Shooter (Spriggan Hunter)                     Turns: 894, Time: 00:00:03

Health: -2/18      AC:  2    Str:  7    XL:     3   Next: 85%
Magic:  4/4        EV: 19    Int: 10    God:
Gold:   72         SH:  0    Dex: 20    Spells: 2/2 levels left

rFire   . . .        a - +0 shortbow
rCold   . . .        (shield currently unavailable)
rNeg    . . .        c - +0 robe
rPois   .            (helmet restricted)
rElec   .            (no cloak)
rCorr   .            (gloves unavailable)
SInv    +            (boots unavailable)
Will    .....        (no amulet)
Stlth   ++           (no ring)
HPRegen 0.23/turn    (no ring)
MPRegen 0.09/turn

%: no passive effects
@: very quick
A: very small, no large weapons, unfitting armour, see invisible, speed 3
a: no special abilities


You were on level 2 of the Dungeon.
You visited 1 branch of the dungeon, and saw 2 of its levels.

You collected 72 gold pieces.


Innate Abilities, Weirdness & Mutations

You are very small and have problems with some larger weapons.
You are too small for most types of armour.
You have supernaturally acute eyesight. (SInv)
You cover ground extremely quickly. (Speed+++)


   Skills:
 - Level 1.5 Fighting
 - Level 5.0 Ranged Weapons
 + Level 4.0 Dodging
 - Level 1.5 Stealth


You had 2 spell levels left.
You didn't know any spells.
Your spell library was empty.

Inventory:

Hand Weapons
 a - a +0 shortbow (weapon)
Armour
 c - a +0 robe (worn)

Dungeon Overview and Level Annotations

Branches:
Dungeon (2/15)

Altars:


Message History

There is an open door here.
879 ||| RETREEEEATING.
The gnoll misses you.
There is an open door here.
881 ||| RETREEEEATING.
You shoot an arrow. The arrow barely misses the gnoll.
The gnoll hits you with a +0 flail.
You shoot an arrow. The arrow hits the gnoll!
The gnoll is severely wounded.
You hear a shout!
The gnoll hits you with a +0 flail!
You shoot an arrow. The arrow hits the gnoll!
You kill the gnoll!
You shoot an arrow. The arrow hits the gnoll.
The gnoll is heavily wounded.
The gnoll closely misses you.
You shoot an arrow. The arrow closely misses the gnoll.
You shoot an arrow.
The arrow hits the gnoll but does no damage.
You shoot an arrow. The arrow closely misses the gnoll.
The gnoll hits you with a +0 spear.
You shoot an arrow. The arrow hits the gnoll.
The gnoll is severely wounded.
The gnoll barely misses you. The gnoll closely misses you.
You shoot an arrow. The arrow barely misses the gnoll.
The gnoll barely misses you. The gnoll closely misses you.
You shoot an arrow. The arrow hits the gnoll.
The gnoll is severely wounded.
The gnoll completely misses you. The gnoll misses you.
You shoot an arrow. The arrow hits the gnoll!
You kill the gnoll!
The gnoll misses you.
Your Ranged Weapons skill increases to level 5!
You shoot an arrow.
The arrow hits the gnoll but does no damage.
The gnoll misses you.
You shoot an arrow. The arrow hits the gnoll.
The gnoll is lightly wounded.
The gnoll closely misses you. The gnoll hits you with a +0 spear!
You die...

##### ..#..
###.#.######## #
#.#.#.#...[...
#.#.#.#.#!......
###.#)#.#.#.#.......
.........>.g)..$....
###.#.#<#.#@#.......
# #.#.#.#.......
#.#.#.#.g.....
#.#.#.#.......
....#.#.g.....
..#.#.#.......
..+...#....... ...#
###


You could see a gnoll.

Vanquished Creatures
  2 gnolls (D:2)
  6 bats (D:1)
  6 goblins (D:1)
  4 hobgoblins (D:1)
  6 jackals (D:1)
  A quokka (D:1)
  6 ball pythons (D:1)
  2 frilled lizards (D:1)
  2 kobolds (D:1)
  3 rats (D:1)
38 creatures vanquished.

Notes
Turn   | Place    | Note
-------+----------+-------------------------------------------
     0 | D:1      | qw the Spriggan Hunter began the quest for the Orb.
     0 | D:1      | Reached XP level 1. HP: 10/10 MP: 2/2
     0 | D:1      | 0 ||| qw: Version: 0.3-a-157-g843a77d
     0 | D:1      | 0 ||| qw: Game counter: 3626
     0 | D:1      | 0 ||| qw: Melee chars always use a shield: true
     0 | D:1      | 0 ||| qw: God list: Okawaru
     0 | D:1      | 0 ||| qw: Allow faded altars: false
     0 | D:1      | 0 ||| qw: Do Orc after clearing Dungeon:15 true
     0 | D:1      | 0 ||| qw: Do second Lair branch before Depths: true
     0 | D:1      | 0 ||| qw: Lair rune preference: random
     0 | D:1      | 0 ||| qw: Goals: Normal
     0 | D:1      | 0 ||| PLANNING D:1-11
    68 | D:1      | Reached skill level 3 in Dodging
   114 | D:1      | Reached XP level 2. HP: 14/14 MP: 3/3
   320 | D:1      | Reached XP level 3. HP: 18/18 MP: 4/4
   836 | D:1      | 836 ||| READING scroll labelled FEAXTISIBLA.
   836 | D:1      | 836 ||| IDENTIFYING red potion
   837 | D:1      | 837 ||| READING scroll labelled IRONUI GEESUH.
   842 | D:1      | 842 ||| DROPPING scroll of butterflies.
   843 | D:1      | 843 ||| DROPPING potion of magic.
   873 | D:2      | 873 ||| RETREEEEATING.
   875 | D:2      | 875 ||| RETREEEEATING.
   877 | D:2      | 877 ||| RETREEEEATING.
   879 | D:2      | 879 ||| RETREEEEATING.
   881 | D:2      | 881 ||| RETREEEEATING.
   888 | D:2      | HP: 3/18 [gnoll/+0 spear (3)]
   893 | D:2      | Reached skill level 5 in Ranged Weapons
   894 | D:2      | Slain by a gnoll

Levels and vault maps discovered:
D:1:      dpeg_arrival_subterranean_lakeside_camping, layout_basic,
          nicolae_concentric_dashed_squares_wild, serial_park_tiny_pond,
          minmay_misc_feat_alley
D:2:      layout_basic, basic_ecumenical_altar

Skill      XL: |  1  2  3 |
---------------+----------+-----
Dodging        | 3 4 |  4.0
Ranged Weapons | 5 |  5.0
Fighting       | |  1.5
Stealth        | |  1.5

Action                     || total
---------------------------++-------
   Fire: Shortbow          ||   103
    Use: Scroll            ||     2
 Armour: Robe              ||    13
  Dodge: Dodged            ||    39

Table legend:
 A = Non-vault XP
 B = Vault XP
 C = Vault XP percentage of total XP
 D = Non-vault monster count
 E = Vault monster count
 F = Vault count percentage of total count
                 A         B        C        D         E       F
            +---------+---------+-------+---------+---------+-------
      Total |      79 |      10 |  11.2 |      32 |       6 |  15.8
            +---------+---------+-------+---------+---------+-------
        D:1 |      52 |      10 |  16.1 |      30 |       6 |  16.7
        D:2 |      27 |       0 |   0.0 |       2 |       0 |   0.0
            +---------+---------+-------+---------+---------+-------
